 Dungeon Crawl Stone Soup version 0.28.0-1-gb440e238dd (webtiles) character file.

Game seed: 17652421491856578630

27 fknight the Chopper (level 3, 0/33 HPs)
             Began as a Hill Orc Monk on Feb 27, 2022.
             Succumbed to an adder's poison
             ... on level 2 of the Dungeon.
             The game lasted 00:02:23 (847 turns).

fknight the Chopper (Hill Orc Monk)                  Turns: 847, Time: 00:02:24

Health: 0/33       AC:  2    Str: 15    XL:     3   Next: 10%
Magic:  3/3        EV: 12    Int: 10    God:
Gold:   51         SH:  0    Dex: 13    Spells: 2/2 levels left

rFire   . . .      SeeInvis .   a - +0 hand axe
rCold   + . .      Faith    .   (no shield)
rNeg    . . .      Spirit   .   b - +0 robe
rPois   .          Reflect  .   (helmet restricted)
rElec   .          Harm     .   (no cloak)
rCorr   .          Rampage  .   (no gloves)
Will    .....                   (no boots)
Stlth   ++........              (no amulet)
HPRegen 0.11/turn               e - ring of wizardry
MPRegen 0.08/turn               (no ring)

@: mighty, lethally poisoned (0 -> -3)
A: antennae 1, cold resistance 1, sense surroundings 1
a: no special abilities


You were on level 2 of the Dungeon.
You visited 1 branch of the dungeon, and saw 2 of its levels.

You collected 51 gold pieces.

Inventory:

Hand Weapons
 a - a +0 hand axe (weapon)
Missiles
 c - 39 stones (quivered)
 k - 22 sling bullets
Armour
 b - a +0 robe (worn)
Jewellery
 e - a ring of wizardry (left hand)
Scrolls
 g - a scroll of fog {unknown}
 h - a scroll of blinking {unknown}
 j - a scroll of acquirement {unknown}


   Skills:
 + Level 4.0 Fighting
 + Level 4.4 Axes
 + Level 2.7 Dodging
 + Level 2.0 Stealth


You had 2 spell levels left.
You didn't know any spells.
Your spell library was empty.

Dungeon Overview and Level Annotations

Branches:
Dungeon (2/15)

Altars:


Innate Abilities, Weirdness & Mutations

You have a pair of small antennae on your head.
Your flesh is cold resistant. (rC+)
You passively map a small area around you.


Message History

The adder closely misses you.
You hit the adder.
The adder is severely wounded.
You feel sick. The adder completely misses you.
You miss the adder.
The adder is severely wounded.
You feel sick. The adder bites you.
You are lethally poisoned!
The adder poisons you! The adder barely misses you.
You hit the adder.
The adder is almost dead.
You feel very sick. The adder closely misses you.
You miss the adder.
The adder is almost dead.
* * * LOW HITPOINT WARNING * * *
You feel sick. The adder closely misses you. The adder bites you.
* * * LOW HITPOINT WARNING * * *
You hit the adder.
You kill the adder!
* * * LOW HITPOINT WARNING * * *
You feel sick.
Your Fighting skill increases to level 4!
Your Stealth skill increases to level 2!
You have reached level 3!
Your experience leads to an increase in your attributes!
Increase (S)trength, (I)ntelligence, or (D)exterity?
You feel stronger. x2
It was a potion of might.
You feel very mighty all of a sudden.
* * * LOW HITPOINT WARNING * * *
You feel sick.
It was a potion of mutation.
You feel extremely strange.
You feel resistant to cold. A pair of antennae grows on your head!
You feel a strange attunement to the structure of the dungeons.
* * * LOW HITPOINT WARNING * * *
You feel sick.
As you read the scroll labelled LISUYZYFOTS, it crumbles to dust.
You feel aware of your surroundings.
It was a scroll of magic mapping.
You die...

##.## #..# *,**,*,*
*,**> *...#######..#
*.#*,#,* *,**,
*.....).....†#
*.#*.#,* *,**<
*............#
*.##.#.*****,**,
*#..#######..#
*#..$...,,,,,,,,,
###..# #..#
*.......********,
.....# #..#
*......#****** *,
<#...#
####..###...#*,,,,,,,*
*, .#...#
#.....$.@..#********,*
*, .#...##
#.##..####.# *,* *,
...)..###.##..# *,#
*,***, .#....^.......#
*<* *,,,,,
.#...........†# *,*
******
,#[...###.##.##***,* *
*#........##...,,,,* *
##.####.###.#.#**** *
#.# #.# #....# *


There were no monsters in sight!

Vanquished Creatures
  An adder (D:2)
  A ball python (D:1)
  4 endoplasms
  2 giant cockroaches (D:1)
  2 hobgoblins
  A quokka (D:2)
  2 bats
  A goblin (D:2)
  A kobold (D:1)
  A rat (D:1)
16 creatures vanquished.

Notes
Turn   | Place    | Note
-------+----------+-------------------------------------------
     0 | D:1      | fknight the Hill Orc Monk began the quest for the Orb.
     0 | D:1      | Reached XP level 1. HP: 19/19 MP: 1/1
   451 | D:1      | Reached XP level 2. HP: 27/27 MP: 2/2
   845 | D:2      | Reached XP level 3. HP: 3/33 MP: 3/3
   846 | D:2      | Gained mutation: Your flesh is cold resistant. (rC+)
                  | [potion of mutation]
   846 | D:2      | Gained mutation: You have a pair of small antennae on your
                  | head. [potion of mutation]
   846 | D:2      | Gained mutation: You passively map a small area around you.
                  | [potion of mutation]
   846 | D:2      | HP: 1/33 [poisoned by an adder]
   847 | D:2      | Succumbed to an adder's poison

Illustrated notes

Levels and vault maps discovered:
D:1:      scummos_arrival_simple_fountains, layout_basic
D:2:      layout_loops_ring

Skill      XL: |  1  2 |
---------------+-------+-----
Fighting       | 4 |  4.0
Stealth        | 2 |  2.0
Axes           | |  4.4
Dodging        | |  2.7

Action                   || total
-------------------------++-------
Melee: Hand axe          ||    63
Throw: Stone             ||    23
  Use: Potion            ||     2
       Scroll            ||     1
 Stab: Sleeping          ||     1
Armor: Robe              ||    12
Dodge: Dodged            ||    53
